Map: King's Cove LE

Players

Smeeeger - Winner!

  • Race: Zerg Zerg
  • League: Platinum
  • Spawn Location: 11:00

Empathy

  • Race: Terran Terran
  • League: Platinum
  • Spawn Location: 5:00

VOD

Have the link to the VOD?

Description

Time

  • Played on: July 21, 2019, 7:31 a.m.
  • Length: 11:19
Show
View Real Time Build Order
Export as new Build Order

Smeeeger Zerg - Winner!

Build Orders: Hatch First, Roach Hydra 

Get SALT Encoding   

  12  0:01  Drone  
  13  0:17  Overlord  
  14  0:21  Drone  
  14  0:35  Drone x2  
  15  0:40  Drone  
  18  0:50  Drone  
  18  1:00  Hatchery  
  18  1:01  Drone  
  18  1:04  Extractor  
  17  1:17  Spawning Pool  
  16  1:21  Drone  
  17  1:31  Drone  
  18  1:35  Drone  
  19  1:44  Overlord  
  19  2:04  Queen  
  19  2:05  Zergling x4  
  23  2:11  Queen  
  23  2:12  Drone  
  26  2:23  Metabolic Boost  
  26  2:29  Drone  
  28  2:30  Drone x2  
  28  2:54  Drone x2  
  28  2:55  Overlord  
  28  2:56  Drone x2  
  32  3:06  Queen  
  35  3:20  Drone x3  
  36  3:39  Drone  
  36  3:40  Drone x3  
  40  3:45  Overlord x2  
  40  3:55  Drone  
  40  3:56  Drone x2  
  40  3:57  Roach Warren  
  40  3:58  Extractor  
  40  4:00  Drone x2, Overlord, Extractor  
  40  4:02  Hatchery  
  41  4:03  Lair  
  41  4:17  Drone  
  41  4:18  Drone  
  41  4:19  Drone x3  
  46  4:32  Drone x2  
  46  4:33  Overlord x2  
  48  4:40  Roach x2  
  52  4:46  Evolution Chamber  
  52  4:48  Roach x3  
  52  4:49  Evolution Chamber  
  56  4:54  Roach x2  
  58  5:10  Roach  
  58  5:11  Roach x3  
  64  5:29  Queen  
  64  5:30  Spore Crawler, Drone x3  
  64  5:31  Drone x2, Overlord  
  64  5:32  Overlord  
  64  5:33  Drone  
  71  5:37  Glial Reconstitution  
  71  5:44  Queen  
  71  5:48  Drone  
  71  5:49  Drone  
  75  5:54  Spore Crawler  
  75  5:56  Spore Crawler  
  70  6:19  Drone x3  
  70  6:20  Drone x2, Overlord x2  
  70  6:24  Zerg Ground Armor Level 1  
  70  6:25  Zerg Missile Weapons Level 1  
  75  6:29  Drone  
  75  6:30  Drone x4  
  80  6:38  Spore Crawler  
  67  6:56  Spore Crawler  
  67  6:57  Spore Crawler, Drone x5  
  67  7:00  Extractor  
  65  7:02  Extractor  
  65  7:03  Hydralisk Den  
  65  7:05  Queen x3  
  65  7:07  Drone  
  66  7:08  Spore Crawler  
  63  7:15  Drone  
  63  7:16  Drone x5  
  63  7:17  Drone  
  65  7:35  Drone x4  
  65  7:36  Drone x2  
  71  7:40  Hydralisk x3, Muscular Augments  
  77  7:45  Drone x2  
  77  7:49  Spore Crawler  
  77  7:51  Spore Crawler  
  77  7:54  Spore Crawler  
  77  7:55  Drone x2  
  77  7:57  Spore Crawler  
  77  7:58  Drone x2  
  77  7:59  Extractor  
  78  8:12  Hydralisk  
  80  8:15  Hatchery  
  80  8:17  Hydralisk  
  80  8:18  Hydralisk  
  83  8:21  Hydralisk  
  83  8:22  Hydralisk  
  83  8:24  Hydralisk  
  89  8:29  Overlord  
  89  8:30  Overlord  
  89  8:37  Drone x2  
  89  8:39  Hydralisk x2  
  89  8:41  Hydralisk  
  97  8:48  Baneling Nest  
  97  8:52  Hydralisk x3  
  95  9:03  Hydralisk x4  
  95  9:07  Hydralisk  
  95  9:08  Hydralisk  
  95  9:13  Hydralisk  
  95  9:14  Hydralisk  
  89  9:26  Zergling x6  
  89  9:27  Zergling x6  
  95  9:32  Drone x4  
  95  9:37  Spore Crawler  
  98  9:41  Grooved Spines  
  98  9:48  Spore Crawler  
  95  10:24  Hydralisk, Zergling x22  
  95  10:25  Hydralisk x9  
  95  10:26  Hydralisk  
  120  10:34  Hydralisk x3  
  114  10:36  Drone  
  108  10:56  Drone  
  108  10:57  Drone x6  
  107  10:58  Drone  
  107  11:02  Zergling x2  
Show
View Real Time Build Order
Export as new Build Order

Empathy Terran 

Build Orders: Gas First Reaper Expand 

Get SALT Encoding   

  12  0:00  SCV  
  13  0:13  SCV  
  14  0:18  Supply Depot  
  14  0:25  SCV  
  15  0:31  Refinery  
  15  0:40  SCV  
  16  0:46  Barracks  
  16  0:52  SCV  
  17  1:04  SCV  
  18  1:16  SCV  
  19  1:33  Orbital Command  
  19  1:36  Reaper  
  20  1:45  Command Center  
  20  1:59  Factory  
  20  2:01  SCV  
  21  2:10  Barracks Reactor  
  21  2:15  SCV  
  22  2:26  Supply Depot  
  22  2:28  SCV  
  23  2:30  Refinery  
  23  2:48  SCV  
  24  2:59  Orbital Command  
  24  3:02  Supply Depot  
  24  3:09  Starport, SCV  
  25  3:16  Hellion x2  
  29  3:21  SCV  
  29  3:22  Refinery  
  30  3:47  Hellion x2  
  33  3:50  Starport Tech Lab  
  33  4:11  Widow Mine x2  
  33  4:14  Refinery, Fusion Core  
  37  4:17  Marine  
  37  4:22  SCV x2  
  40  4:34  SCV x2  
  42  4:46  SCV  
  43  4:53  Engineering Bay  
  35  5:22  Command Center  
  35  5:24  Battlecruiser  
  43  5:28  Widow Mine  
  43  5:29  Widow Mine  
  43  5:32  SCV x2  
  47  5:42  Weapon Refit  
  47  5:44  SCV  
  47  5:45  Starport  
  47  5:47  Starport  
  37  6:22  Supply Depot  
  37  6:24  Command Center  
  37  6:27  Starport Tech Lab  
  37  6:28  Starport Tech Lab  
  34  6:56  Battlecruiser x2  
  46  7:34  Battlecruiser  
  52  7:47  Factory Tech Lab  
  52  7:50  Barracks  
  52  7:52  Barracks  
  52  7:57  Barracks  
  52  8:06  Engineering Bay  
  52  8:36  Battlecruiser  
  52  8:39  Battlecruiser  
  46  9:21  Planetary Fortress  
  40  9:27  SCV x2  
  42  9:33  Barracks Tech Lab  
  42  9:34  Barracks Tech Lab x2  
  42  9:36  Command Center  
  42  9:37  Marine x2  
  44  9:39  SCV x2  
  46  9:51  SCV  
  46  9:52  SCV  
  48  9:58  Refinery x2  
  48  10:03  SCV  
  48  10:04  SCV  
  43  10:15  SCV  
  43  10:16  SCV  
  37  10:27  SCV  
Tags
 
Add a new tag
Caveats
  • Supply blocks, unpowered buildings, or Contaminate may cause inaccurate times.
  • Supply counts are checked every 10 seconds.